 Dungeon Crawl Stone Soup version 0.28-a0-1613-gdaab1c2f9b (webtiles) character file.

Game seed: 5841529271229207946

350 lonewolfV2 the Ruffian (level 6, -1/61 HPs)
             Began as a Troll Fighter on Jan 21, 2022.
             Slain by an ogre (17 damage)
             ... on level 4 of the Dungeon.
             The game lasted 00:05:08 (2132 turns).

lonewolfV2 the Ruffian (Troll Fighter)              Turns: 2132, Time: 00:05:08

Health: -1/61      AC:  6    Str: 25 (27) XL:     6   Next: 34%
Magic:  5/5        EV:  8    Int:  3 (4)  God:
Gold:   89         SH:  7    Dex:  6 (9)  Spells: 5/5 levels left

rFire   . . .      SeeInvis +     - Unarmed
rCold   . . .      Faith    .   b - +0 kite shield
rNeg    . . .      Spirit   .   a - +0 robe
rPois   .          Reflect  .   g - +2 hat
rElec   .          Harm     .   (no cloak)
rCorr   .          Rampage  .   (gloves unavailable)
Will    .....                   (boots unavailable)
Stlth   +.........              (no amulet)
HPRegen 1.00/turn               e - ring of see invisible
MPRegen 0.09/turn               (no ring)

@: no status effects
A: large, unfitting armour, claws 3, regeneration 1, shaggy fur 1, tough skin 1
a: no special abilities


You were on level 4 of the Dungeon.
You visited 1 branch of the dungeon, and saw 4 of its levels.

You collected 89 gold pieces.

Inventory:

Hand Weapons
 f - a +3 short sword
Armour
 a - a +0 robe (worn)
 b - a +0 kite shield (worn)
 g - a +2 hat (worn)
Jewellery
 e - a ring of see invisible (left claw)
Scrolls
 h - 3 scrolls of teleportation
Potions
 c - a potion of heal wounds {unknown}
 d - a potion of curing {unknown}


   Skills:
 + Level 3.0 Fighting
 + Level 3.6 Dodging
 + Level 0.4 Stealth
 + Level 3.6 Shields
 + Level 4.2 Unarmed Combat


You had 5 spell levels left.
You didn't know any spells.
Your spell library contained the following spells:

 Spells                   Type           Power      Damage    Failure   Level
 Pain                     Necr           0%         1d4       82%         1
 Sandblast                Erth           0%         2d4       82%         1
 Sting                    Tmut/Pois      0%         1d3       82%         1
 Passwall                 Tmut/Erth      0%         N/A       91%         2
 Poisonous Vapours        Pois/Air       0%         N/A       91%         2
 Static Discharge         Conj/Air       0%         N/A       91%         2
 Conjure Flame            Conj/Fire      0%         6-21      99%         3
 Gell's Gravitas          Tloc           0%         N/A       99%         3
 Ignite Poison            Fire/Tmut/Pois 0%         N/A       99%         3
 Lesser Beckoning         Tloc           0%         N/A       99%         3
 Stone Arrow              Conj/Erth      0%         3d7       99%         3
 Teleport Other           Tloc           0%         N/A       99%         3
 Olgreb's Toxic Radiance  Pois           0%         N/A       100%        4
 Sticky Flame             Conj/Fire      0%         2d3       100%        4
 Agony                    Necr           0%         N/A       100%        5
 Excruciating Wounds      Necr           0%         N/A       100%        5
 Lightning Bolt           Conj/Air       0%         1d11      100%        5
 Maxwell's Capacitive Co  Air            0%         ∞         100%        8


Dungeon Overview and Level Annotations

Branches:
Dungeon (4/15)
 Temple: D:4-7

Altars:
Vehumet
Zin


Innate Abilities, Weirdness & Mutations

You are too large for most types of armour.
You have claws for hands.
Your natural rate of healing is unusually fast.
You are covered in fur. (AC +1)
You have tough skin. (AC +1)


Message History

There is a stone staircase leading down here.
You climb downwards.
The hobgoblin shouts!
The ogre shouts!
Found 19 gold pieces.
Found a stone staircase leading down.
There is a stone staircase leading up here.
The ogre barely misses you.
You claw the ogre!
The ogre is moderately wounded.
You barely miss the ogre.
The ogre is moderately wounded.
The ogre hits you but does no damage.
A jelly comes into view.
The jelly quivers.
You scratch the ogre.
The ogre is heavily wounded.
The ogre hits you but does no damage.
You scratch the ogre.
The ogre is severely wounded.
The ogre hits you with a +0 giant club!
You scratch the ogre.
The ogre is almost dead.
The ogre barely misses you.
You closely miss the ogre.
The ogre is almost dead.
The hobgoblin barely misses you.
You barely miss the ogre.
The ogre is almost dead.
The ogre hits you with a +0 giant club! You block the hobgoblin's attack.
You barely miss the ogre.
The ogre is almost dead.
The ogre hits you with a +0 giant club! You block the hobgoblin's attack.
You barely miss the ogre.
The ogre is almost dead.
The hobgoblin barely misses you. The ogre hits you with a +0 giant club!
* * * LOW HITPOINT WARNING * * *
You closely miss the ogre.
The ogre is almost dead.
You block the hobgoblin's attack. The jelly hits you but does no damage.
The ogre hits you with a +0 giant club!
You die...

.. .. ... ...
.... ##+### ....
....##....##....
..............>.
............$...
................
.......Jg.......
.......@..##....
....##.O..# .
... #....# .
.......
#........
#.$........
#..........
##....##...


You could see an ogre, a jelly and a hobgoblin.

Vanquished Creatures
  Sigmund (D:2)
  An orc priest (D:3)
  An orc wizard (D:3)
  Robin (D:2)
  3 adders
  4 worms
  2 dart slugs
  3 orcs (D:3)
  7 ball pythons
  5 bats
  6 endoplasms
  4 giant cockroaches
  9 hobgoblins
  4 jackals (D:2)
  11 kobolds
  A quokka (D:2)
  4 frilled lizards
  7 goblins
  8 rats
82 creatures vanquished.

Notes
Turn   | Place    | Note
-------+----------+-------------------------------------------
     0 | D:1      | lonewolfV2 the Troll Fighter began the quest for the Orb.
     0 | D:1      | Reached XP level 1. HP: 22/22 MP: 0/0
    56 | D:1      | Reached XP level 2. HP: 29/29 MP: 1/1
   283 | D:1      | Found a faded altar of an unknown god.
   438 | D:2      | Reached XP level 3. HP: 36/36 MP: 2/2
   712 | D:2      | Noticed Sigmund
   722 | D:2      | Killed Sigmund
   723 | D:2      | Reached skill level 3 in Unarmed Combat
   723 | D:2      | Reached XP level 4. HP: 44/44 MP: 3/3
   723 | D:2      | Reached XP level 5. HP: 52/52 MP: 4/4
   729 | D:2      | Noticed Robin
   735 | D:2      | Killed Robin
  1500 | D:3      | Found a glowing drain.
  1512 | D:3      | Reached XP level 6. HP: 38/59 MP: 5/5
  1526 | D:3      | Reached skill level 4 in Unarmed Combat
  1694 | D:3      | Found a radiant altar of Vehumet.
  1917 | D:3      | Found a faded altar of an unknown god.
  1922 | D:3      | Found a glowing silver altar of Zin.
  2132 | D:4      | Slain by an ogre

Illustrated notes

Levels and vault maps discovered:
D:1:      minmay_arrival_semitransparent, layout_basic, basic_ecumenical_altar
D:2:      layout_loops_ring, minmay_tromino_v4_b, uniq_robin, uniq_sigmund
D:3:      layout_loops_cross, mainiacjoe_overflow_24_doors,
          nicolae_overflow_ecumenical_swirl, portal_sewer_entry_b,
          grunt_ministairs_14
D:4:      layout_gridville, mainiacjoe_overflow_surrounded_room, serial_rivers,
          chequers_serial_rivers_micro_b, chequers_serial_rivers_room_b,
          chequers_serial_rivers_micro_d, chequers_serial_rivers_room_b,
          chequers_serial_rivers_small_b, uniq_ijyb, uniq_edmund

Skill      XL: |  1  2  3  4  5  6 |
---------------+-------------------+-----
Dodging        | 3 |  3.6
Shields        | 3 |  3.6
Unarmed Combat | 3 4 |  4.2
Fighting       | 3 |  3.0
Stealth        | |  0.4

Action                   |  1- 3 |  4- 6 || total
-------------------------+-------+-------++-------
Melee: Unarmed           |    87 |   142 ||   229
  Use: Scroll            |     2 |     3 ||     5
       Potion            |     1 |     4 ||     5
 Stab: Sleeping          |       |     1 ||     1
Armor: Robe              |    54 |    54 ||   108
Dodge: Dodged            |    38 |    61 ||    99
Block: Kite shield       |    46 |    54 ||   100

Table legend: (Time is in decaauts)
 A = Elapsed time spent in this place.
 B = Non-inter-level travel time spent in this place.
 C = Inter-level travel time spent in this place.
 D = Time resting spent in this place.
 E = Time spent auto-exploring this place.
 F = Levels seen in this place.
 G = Mean time per level.
                   A        B        C        D        E       F      G
               +--------+--------+--------+--------+--------+-----+--------+
         Total |   2133 |   2068 |     65 |     90 |   1194 |   4 |  533.2 |
       Dungeon |   2133 |   2068 |     65 |     90 |   1194 |   4 |  533.2 |
               +--------+--------+--------+--------+--------+-----+--------+

Top non-repeatable levels by time:
     D:3: 894 daAuts
     D:2: 820 daAuts
     D:1: 407 daAuts
     D:4: 12 daAuts
